 Dungeon Crawl Stone Soup version 0.23.1 (webtiles) character file.

Game seed: 0

22077 Warcislaw the Slinger (level 13, 0/95 HPs)
             Began as a Halfling Berserker on Mar 16, 2019.
             Was an Elder of Trog.
             Slain by a death yak (20 damage)
             ... on level 3 of the Lair of Beasts on Mar 18, 2019.
             The game lasted 02:21:21 (20083 turns).

Warcislaw the Slinger (Halfling Berserker)         Turns: 20083, Time: 02:21:22

Health: 0/95       AC: 16    Str: 24    XL:     13   Next: 24%
Magic:  13/13      EV: 20    Int:  5    God:    Trog [****..]
Gold:   600        SH:  0    Dex: 24    Spells: 12/12 levels left

rFire    . . .     SeeInvis .   a - +1 scimitar (freeze)
rCold    . . .     Gourm    .   (shield restricted)
rNeg     . . .     Faith    .   O - +1 chain mail of Moral Flaws {Str+2} (curse)
rPois    +         Spirit   .   (no helmet)
rElec    .         Reflect  .   p - scarf {repulsion}
rCorr    .         Harm     .   (no gloves)
MR       .....                  N - +2 pair of boots {Fly}
Stlth    ++........             r - amulet of magic regeneration
HPRegen  0.25/turn              x - +4 ring of dexterity
MPRegen  0.38/turn              A - ring of poison resistance

@: agile, berserk cooldown, flying, slowed, repel missiles, very slow
A: small, mutation resistance 1
a: Berserk, Trog's Hand, Brothers in Arms, Renounce Religion, Stop Flying


You were on level 3 of the Lair of Beasts.
You worshipped Trog.
Trog was greatly pleased with you.
You were very hungry.

You visited 3 branches of the dungeon, and saw 15 of its levels.
You also visited: Ice Cave.

You collected 950 gold pieces.
You spent 350 gold pieces at shops.

Inventory:

Hand Weapons
 a - a +1 scimitar of freezing (weapon)
 b - a +0 hunting sling
 P - the +9 spear of Gallantry {pierce, +Inv rF- rN+ Int+7}
   (You found it in an ice cave)

   It inflicts extra damage upon your enemies.
   It affects your intelligence (+7).
   It makes you vulnerable to fire.
   It protects you from negative energy.
   It lets you turn invisible.
Missiles
 g - 381 stones (quivered)
 y - 74 sling bullets
 I - 2 throwing nets
Armour
 h - a scarf of cloud immunity
 n - the +2 robe of the Alphagorgon {+Inv rC+ MR- SInv}
   (You found it on level 5 of the Dungeon)

   It protects you from cold.
   It affects your resistance to hostile enchantments.
   It lets you see invisible.
   It lets you turn invisible.
 p - a scarf of repulsion (worn)
 K - a +0 plate armour
 N - a +2 pair of boots of flying (worn)
 O - the cursed +1 chain mail of Moral Flaws (worn) {Str+2}
   (You found it in an ice cave)

   It affects your strength (+2).
   It has a curse placed upon it.
 T - +0 ice dragon scales
Jewellery
 r - an amulet of magic regeneration (around neck)
 v - an uncursed ring of fire
 x - a +4 ring of dexterity (left hand)
 A - a ring of poison resistance (right hand)
 D - an uncursed ring of flight
Wands
 w - a wand of disintegration (21)
 F - a wand of paralysis (17)
Scrolls
 d - 10 scrolls of remove curse
 k - 4 scrolls of teleportation
 m - 3 scrolls of fear
 o - a scroll of magic mapping
 s - 2 scrolls of blinking
 B - a scroll of fog
 C - 3 scrolls of enchant weapon
 G - a scroll of torment
 J - a scroll of acquirement {unknown}
 M - 2 scrolls of vulnerability
 S - a scroll of noise {unknown}
Potions
 e - 4 potions of lignification
 f - a potion of berserk rage
 i - 2 potions of magic
 j - 4 potions of flight
 l - 6 potions of mutation
 q - a potion of heal wounds
 t - 3 potions of brilliance
 u - 2 potions of agility
 H - 3 potions of haste
 Q - 3 potions of ambrosia
 R - a potion of curing
Miscellaneous
 L - a box of beasts
Comestibles
 c - 23 rations


   Skills:
 + Level 11.3 Fighting
   Level 3.6(7.7) Short Blades
 + Level 8.9(9.1) Long Blades
 - Level 12.1 Slings
 + Level 11.3 Armour
 - Level 5.1 Dodging
 - Level 7.0 Stealth


You had 12 spell levels left.
You didn't know any spells.
Your spell library was empty.

Dungeon Overview and Level Annotations

Branches:
Dungeon (11/15)            Temple (1/1) D:6            Lair (3/6) D:11
  Swamp (0/4) Lair:3        Snake (0/4) Lair:2          Orc (0/2) D:10

Altars:
Ashenzari
Cheibriados
Dithmenos
Elyvilon
Fedhas
Gozag
Hepliaklqana
Kikubaaqudgha
Makhleb
Nemelex Xobeh
Okawaru
Qazlal
Ru
Sif Muna
Trog
Uskayaw
Vehumet
Wu Jian
Xom
Yredelemnul
Zin
The Shining One

Shops:
D:6 }   D:9 *

Annotations:
D:9 Erolcha
Lair:2 exclusion: 2 oklob plants


Innate Abilities, Weirdness & Mutations

You are small and have problems with some larger weapons.
You are somewhat resistant to further mutation.


Message History

Aim: a death yak (severely wounded, chance to defeat MR: 7%)
Okay, then.
You feel agile all of a sudden. The death yak gores you!!
* * * LOW HITPOINT WARNING * * *
The death yak completely misses you.
There are monsters nearby!
You hit the death yak but do no damage.
The death yak is severely wounded.
The death yak gores you.
* * * LOW HITPOINT WARNING * * *
Okay, then.
You slash the death yak! You freeze the death yak.
The death yak is almost dead.
The death yak gores you.
* * * LOW HITPOINT WARNING * * *
You barely miss the death yak.
The death yak is almost dead.
The death yak gores you!!
You die...

......♣♣§§≈♣♣
......♣§§§§§♣
...(..
.#....♣♣§§§♣♣
..((.
#..####♣♣§♣♣♣#
...( #.#.# #..#..#
.(( ..### ##....##
F( .## #.#...###.
..> .# #####..#Y#
..# .+ #...#@# ..#
.# ##....# #..# .#
##..####..### #.#
##..#......# #..#
#........## # ##
### #..†....#.P ..
###..##...........
.##
........#.........
..
.................


You could see a death yak and a spiny frog.

Vanquished Creatures
  A hydra (Lair:2)
  4 death yaks (Lair:3)
  An unseen horror (D:11)
  A necromancer (IceCv)
  A wolf spider zombie (D:11)
  A manticore (D:9)
  2 black mambas (Lair:2)
  An ice statue (Lair:2)
  2 spiny frogs
  A rime drake (Lair:2)
  2 ice devils (IceCv)
  3 komodo dragons
  2 polar bears (Lair:2)
  2 trolls
  2 tyrant leeches (Lair:3)
  3 hippogriffs
  3 wyverns
  A basilisk (Lair:2)
  A swamp worm (Lair:3)
  Menkaure (D:6)
  A hungry ghost (D:9)
  4 water moccasins
  4 porcupines
  3 orc warriors (D:10)
  A black bear (Lair:1)
  2 sky beasts
  9 ice beasts
  8 ogres
  11 wolves
  A phantom (D:9)
  An eye of draining (D:11)
  8 centaurs
  2 crocodiles (Lair:2)
  2 big kobolds
  11 bullfrogs
  A wyvern zombie (D:11)
  A wyvern skeleton (D:7)
  5 scorpions
  13 killer bees (D:9)
  9 wights
  3 howler monkeys
  3 electric eels
  3 crimson imps
  A draconian simulacrum (IceCv)
  3 hounds
  8 orc priests
  3 jellies
  3 centaur skeletons
  An iguana (D:9)
  5 orc wizards
  Terence (D:2)
  Natasha (thrice) (D:4)
  5 worker ants
  A spriggan simulacrum (IceCv)
  3 troll simulacra (IceCv)
  A worker ant zombie (D:6)
  8 adders
  2 naga simulacra (IceCv)
  3 ogre simulacra (IceCv)
  4 shadow imps
  3 white imps (Lair:2)
  An adder zombie (D:7)
  3 oozes
  2 adder skeletons
  A worm (D:2)
  3 dart slugs
  4 leopard geckos
  30 orcs
  3 ball pythons
  7 giant cockroaches
  10 goblins
  14 hobgoblins
  9 jackals
  19 kobolds
  6 quokkas
  10 bats
  10 frilled lizards
  A jackal zombie (D:9)
  A leopard gecko skeleton (D:7)
  A quokka skeleton (D:8)
  7 rats
  A butterfly (Lair:1)
  A plant (Lair:2)
343 creatures vanquished.

Vanquished Creatures (collateral kills)
  An ice dragon (Lair:2)
  A two-headed ogre (D:9)
  3 ice statues (IceCv)
  A rime drake (Lair:2)
  3 ice devils (IceCv)
  A queen bee (D:9)
  A polar bear (Lair:2)
  A basilisk (Lair:2)
  A water moccasin (D:11)
  An orc warrior (D:11)
  A killer bee (D:9)
  An orc (D:11)
16 creatures vanquished.

Vanquished Creatures (others)
  A fungus (Lair:2)
  3 plants (Lair:2)
4 creatures vanquished.

Grand Total: 363 creatures vanquished

Notes
Turn   | Place    | Note
-------+----------+-------------------------------------------
     0 | D:1      | Warcislaw the Halfling Berserker began the quest for the
                  | Orb.
     0 | D:1      | Reached XP level 1. HP: 15/15 MP: 1/1
   447 | D:1      | Reached XP level 2. HP: 20/20 MP: 2/2
   910 | D:1      | Reached XP level 3. HP: 26/26 MP: 3/3
  1048 | D:1      | Reached ** piety under Trog
  1059 | D:1      | Reached skill level 1 in Slings
  1068 | D:1      | Reached skill level 1 in Stealth
  1075 | D:1      | Reached XP level 4. HP: 20/31 MP: 4/4
  1720 | D:2      | Reached skill level 2 in Slings
  1734 | D:2      | Reached XP level 5. HP: 16/37 MP: 5/5
  2147 | D:2      | Reached skill level 3 in Slings
  2213 | D:2      | Noticed Terence
  2223 | D:2      | Killed Terence
  2310 | D:2      | Reached *** piety under Trog
  2383 | D:2      | Noticed an ogre
  2401 | D:2      | Killed an ogre
  2401 | D:2      | Reached skill level 4 in Slings
  2402 | D:2      | Reached XP level 6. HP: 43/43 MP: 6/6
  3180 | D:3      | Reached skill level 5 in Slings
  3399 | D:3      | Found a sacrificial altar of Ru.
  3466 | D:3      | Found a sparkling altar of Nemelex Xobeh.
  3606 | D:3      | Found a basalt altar of Yredelemnul.
  3712 | D:3      | Reached XP level 7. HP: 42/49 MP: 7/7
  4355 | D:4      | Found a glowing silver altar of Zin.
  4356 | D:4      | Found a glowing golden altar of the Shining One.
  4644 | D:4      | Reached skill level 6 in Slings
  4806 | D:4      | Noticed Natasha
  4814 | D:4      | Killed Natasha
  4814 | D:4      | Reached **** piety under Trog
  4961 | D:4      | Noticed Natasha
  4965 | D:4      | Killed Natasha
  5142 | D:4      | Noticed Natasha
  5150 | D:4      | Killed Natasha
  5306 | D:5      | Entered Level 5 of the Dungeon
  5397 | D:4      | Reached skill level 7 in Slings
  5535 | D:5      | Reached XP level 8. HP: 46/54 MP: 8/8
  5643 | D:5      | Got a thick robe
  5654 | D:5      | Identified the +2 robe of the Alphagorgon {+Inv rC+ MR-
                  | SInv} (You found it on level 5 of the Dungeon)
  5798 | D:5      | Reached skill level 5 in Fighting
  6140 | D:6      | Reached skill level 8 in Slings
  6140 | D:6      | Reached skill level 5 in Stealth
  6245 | D:6      | Found a staircase to the Ecumenical Temple.
  6254 | D:6      | Found Ahinekk's Gadget Shoppe.
  6271 | D:6      | Bought a wand of paralysis (8) for 140 gold pieces
  6293 | Temple   | Entered the Ecumenical Temple
  6553 | D:6      | Identified the +5 ring mail of Liruont {rPois MR- rCorr
                  | Slay-4}
  6600 | D:6      | Reached skill level 9 in Slings
  6899 | D:6      | Noticed Menkaure
  6905 | D:6      | Killed Menkaure
  7111 | D:6      | Reached XP level 9. HP: 62/62 MP: 9/9
  7429 | D:7      | Reached skill level 10 in Slings
  7526 | D:7      | Found a snail-covered altar of Cheibriados.
  7559 | D:7      | Reached ***** piety under Trog
  7794 | D:7      | Reached skill level 11 in Slings
  7959 | D:7      | Found an ornate altar of the Wu Jian Council.
  8273 | D:8      | Found a shimmering altar of Xom.
  8279 | D:8      | Found a shimmering altar of Xom.
  8280 | D:8      | Found a shimmering altar of Xom.
  8281 | D:8      | Found a shimmering altar of Xom.
  8710 | D:8      | Found a shattered altar of Ashenzari.
  8725 | D:8      | Reached skill level 12 in Slings
  8735 | D:8      | Received a gift from Trog
  8759 | D:8      | Reached XP level 10. HP: 58/69 MP: 8/10
  8957 | D:9      | Found Edghirofe's General Store.
  9025 | D:9      | Bought a potion of mutation for 96 gold pieces
  9025 | D:9      | Bought a scroll of torment for 90 gold pieces
  9025 | D:9      | Bought a scroll of identify for 24 gold pieces
  9274 | D:9      | Noticed Erolcha
  9471 | D:9      | Noticed a manticore
  9492 | D:9      | Killed a manticore
  9492 | D:9      | Reached skill level 5 in Armour
  9781 | D:9      | HP: 3/72 [killer bee (2)]
  9883 | D:9      | Reached skill level 5 in Dodging
 10534 | D:9      | Reached skill level 1 in Long Blades
 10585 | D:9      | Found an iron altar of Okawaru.
 10846 | D:9      | Noticed a two-headed ogre
 10850 | D:9      | Killed a two-headed ogre
 10942 | D:10     | Entered Level 10 of the Dungeon
 10945 | D:10     | Reached XP level 11. HP: 78/78 MP: 11/11
 11228 | D:10     | Found an iron altar of Okawaru.
 11360 | D:10     | Found a staircase to the Orcish Mines.
 12677 | D:11     | Found a staircase to the Lair.
 12749 | D:11     | Killed an unseen horror
 13267 | D:11     | Reached skill level 5 in Long Blades
 13435 | Lair:1   | Entered Level 1 of the Lair of Beasts
 13532 | Lair:1   | Found a frozen archway.
 13553 | IceCv    | Entered an ice cave
 15084 | IceCv    | Noticed a necromancer
 15101 | IceCv    | Killed a necromancer
 15101 | IceCv    | Reached XP level 12. HP: 45/87 MP: 12/12
 15279 | IceCv    | Got a smoking chain mail
 15281 | IceCv    | Got an ancient spear
 15329 | IceCv    | HP: 2/87 [ice devil (9)]
 16356 | Lair:1   | You fall through a shaft!
 16359 | Lair:2   | Found a staircase to the Snake Pit.
 16395 | Lair:2   | Identified the cursed +1 chain mail of Moral Flaws {Str+2}
                  | (You found it in an ice cave)
 16395 | Lair:2   | Identified the +9 spear of Gallantry {pierce, +Inv rF- rN+
                  | Int+7} (You found it in an ice cave)
 16711 | Lair:2   | Reached skill level 10 in Fighting
 17192 | Lair:2   | Received a gift from Trog
 17361 | Lair:2   | Noticed an ice dragon
 17908 | Lair:2   | Killed an ice dragon
 17997 | Lair:2   | Noticed a seven-headed hydra
 18012 | Lair:2   | Killed an 11-headed hydra
 18012 | Lair:2   | Reached skill level 10 in Armour
 18134 | Lair:2   | HP: 1/88 [black mamba (6)]
 19125 | Lair:2   | Found a sparkling altar of Nemelex Xobeh.
 19679 | Lair:3   | Reached XP level 13. HP: 94/94 MP: 13/13
 19999 | Lair:3   | Found a staircase to the Swamp.
 20083 | Lair:3   | Slain by a death yak

Skill      XL: |  1  2  3  4  5  6  7  8  9 10 11 12 13 |
---------------+----------------------------------------+-----
Fighting       | 3 4 5 6 8 9 10 11 | 11.3
Armour         | 3 6 9 10 11 | 11.3
Slings         | 1 2 4 5 7 9 12 | 12.1
Stealth        | 1 2 3 4 5 7 |  7.0
Dodging        | 5 |  5.1
Long Blades    | 2 5 8 |  8.9
Short Blades   | |  3.6

Action                   |  1- 3 |  4- 6 |  7- 9 | 10-12 | 13-15 || total
-------------------------+-------+-------+-------+-------+-------++-------
Melee: Short sword       |   107 |    91 |       |       |       ||   198
       Falchion          |       |    31 |   112 |       |       ||   143
       Scimitar          |       |       |     7 |   284 |    39 ||   330
       Hunting sling     |       |       |       |     1 |       ||     1
 Fire: Hunting sling     |     4 |   137 |   290 |   598 |    45 ||  1074
Throw: Stone             |       |     1 |       |       |       ||     1
Invok: Berserk           |     1 |     2 |     5 |     9 |     2 ||    19
       Trog's Hand       |       |       |     1 |     3 |       ||     4
       Brothers in Arms  |       |       |       |    10 |       ||    10
Evoke: Wand              |       |       |       |    15 |     3 ||    18
       Box of beasts     |       |       |       |     1 |       ||     1
  Use: Potion            |       |     4 |       |     6 |     1 ||    11
       Scroll            |       |     2 |    14 |    10 |       ||    26
 Stab: Sleeping          |     1 |       |       |     6 |       ||     7
       Invisible         |       |       |       |     3 |       ||     3
  Eat: Chunk             |     1 |    10 |    14 |    20 |     2 ||    47
       Ration            |       |       |     2 |     8 |       ||    10
Armor: Animal skin       |     6 |       |       |       |       ||     6
       Skin              |       |    42 |       |       |       ||    42
       Scale mail        |       |    16 |    35 |    26 |       ||    77
       Ring mail         |       |     2 |       |       |       ||     2
       Plate armour      |       |       |       |    47 |       ||    47
       Robe              |       |       |       |    14 |       ||    14
       Chain mail        |       |       |       |    62 |     8 ||    70
Dodge: Dodged            |    70 |    75 |    78 |   375 |    21 ||   619
       Deflected         |       |       |       |    21 |     2 ||    23
       Rpst.: Falchion   |       |    11 |    19 |       |       ||    30
       Scimitar          |       |       |     1 |    54 |     8 ||    63
